 Dungeon Crawl Stone Soup version 0.31.0-32-g396128a36d (webtiles) character file.

Game seed: 5796150034494132050

84 Alphaeus the Ruffian (level 4, -3/41 HPs)
             Began as a Troll Shapeshifter on Mar 19, 2024.
             Slain by a hobgoblin (5 damage)
             ... on level 2 of the Dungeon.
             The game lasted 00:00:56 (953 turns).

Alphaeus the Ruffian (Troll Shapeshifter)            Turns: 953, Time: 00:00:57

Health: -3/41      AC:  4    Str: 24    XL:     4   Next: 24%
Magic:  3/3        EV:  9    Int:  6    God:
Gold:   25         SH:  0    Dex:  9    Spells: 3/3 levels left

rFire   . .          .
                       - Unarmed
rCold   . . .        (no shield)
rNeg    . . .        a - +0 animal skin
rPois   .            (helmet currently unavailable)
rElec   .            (cloak currently unavailable)
rCorr   .            (gloves unavailable)
SInv    .            (boots unavailable)
Will    .....        (no amulet)
Stlth   +            (no ring)
HPRegen 1.06/turn    (no ring)
MPRegen 0.08/turn

%: no passive effects
@: beast-form
A: beast (slay +2), large, unfitting armour, claws 3, regeneration 1, shaggy fur
1, tough skin 1
a: Begin Untransformation


You were on level 2 of the Dungeon.
You were a hulking beast.
You visited 1 branch of the dungeon, and saw 2 of its levels.

You collected 25 gold pieces.

Inventory:

Armour
 a - a +0 animal skin (worn)
Talismans
 c - a beast talisman
 d - a flux talisman
Scrolls
 e - 5 scrolls of identify {unknown}
 j - a scroll of poison {unknown}
 k - a scroll of teleportation {unknown}
 l - a scroll of vulnerability {unknown}
 m - a scroll of amnesia {unknown}
Potions
 b - 2 potions of lignification
 f - a potion of berserk rage {unknown}
 g - 2 potions of cancellation
 h - a potion of might {unknown}
 i - a potion of curing {unknown}


   Skills:
 + Level 1.5 Fighting
 - Level 1.5 Dodging
 * Level 4.0 Unarmed Combat
 * Level 3.8 Shapeshifting


You had 3 spell levels left.
You didn't know any spells.
Your spell library contained the following spells:

 Spells                   Type           Power      Damage    Failure   Level
 Sandblast                Erth           0%         2d4       45%         1
 Fugue of the Fallen      Necr           0%         N/A       83%         3
 Hailstorm                Conj/Ice       0%         3d5       83%         3
 Ozocubu's Armour         Ice            0%         N/A       83%         3
 Passwall                 Erth           0%         N/A       83%         3
 Stone Arrow              Conj/Erth      0%         3d7       83%         3
 Summon Ice Beast         Ice/Summ       0%         N/A       83%         3
 Brom's Barrelling Bould  Conj/Erth      0%         2d3       99%         4
 Manifold Assault         Tloc           0%         N/A       99%         4
 Sculpt Simulacrum        Ice/Alch       0%         N/A       100%        6


Dungeon Overview and Level Annotations

Branches:
Dungeon (2/15)

Altars:

Annotations:
D:2 1 runed translucent door, Crazy Yiuf, Robin


Innate Abilities, Weirdness & Mutations

You are a hulking beast.
Your limbs bulge with bestial killing power. (Slay +2)
You are too large for most types of armour.
You have claws for hands.
Your natural rate of healing is unusually fast.
You are covered in fur. (AC +1)
You have tough skin. (AC +1)


Message History

a +0 dagger; a +0 kite shield; a +1 dagger of venom The hobgoblin hits you but does no damage.
The goblin attacks as it pursues you! The goblin closely misses you.
You barely miss the hobgoblin. The hobgoblin barely misses you.
You claw the hobgoblin!
You kill the hobgoblin!
You scratch the hobgoblin.
The hobgoblin is lightly wounded.
The hobgoblin hits you.
The frilled lizard unfolds its giant frill.
Robin hits you from afar with a +0 trident.
You closely miss the hobgoblin. The hobgoblin hits you.
You claw the hobgoblin!
You kill the hobgoblin!
Your Unarmed Combat skill increases to level 4!
You claw the goblin!
You kill the goblin!
Robin hits you from afar with a +0 trident.
Robin closely misses you. The hobgoblin hits you.
Things that are here:
a +0 dagger; a goblin corpse; a hobgoblin corpse You barely miss Robin.
Robin hits you with a +0 trident.
* * * LOW HITPOINT WARNING * * *
You claw Robin!
Robin is almost dead.
The hobgoblin no longer looks unusually strong.
The hobgoblin hits you.
* * * LOW HITPOINT WARNING * * *
Robin roars a battlecry!
The hobgoblin goes into a battle-frenzy!
You barely miss Robin.
Robin is almost dead.
The hobgoblin hits you.
* * * LOW HITPOINT WARNING * * *
Robin flexes a bicep menacingly.
Robin hits you with a +0 trident.
* * * LOW HITPOINT WARNING * * *
It was a potion of cancellation.
You feel magically purged. The hobgoblin hits you.
You die...

♣ #.##.....##.##.# .## ♣
#..#.####...##.#####... ♣
##.#.# #.####.#.......
#...# #.# ##.#.......
##..# #.# #<.....g...
#.(####.## #)).....g.
#..#.....# #)'#
######(......###l#†....#
#..##.........hgg#.|...#
#..##........##g.#.....#
#.......†....##..#...$.#
###..##.#......##..#.....#
.....##.#..>.......#######
.....##.#...........
.....##.##.....##....
.....##.##.....##.##.
....###.# .....#


You could see Robin, 2 hobgoblins and a frilled lizard.

Vanquished Creatures
  A gnoll (D:1)
  3 adders (D:2)
  2 dart slugs (D:1)
  A ribbon worm (D:2)
  2 endoplasms
  5 giant cockroaches
  7 goblins (D:2)
  7 hobgoblins
  2 kobolds (D:1)
  2 quokkas (D:2)
  A bat (D:1)
  A frilled lizard (D:2)
  5 rats
39 creatures vanquished.

Notes
Turn   | Place    | Note
-------+----------+-------------------------------------------
     0 | D:1      | Alphaeus the Troll Shapeshifter began the quest for the
                  | Orb.
     0 | D:1      | Reached XP level 1. HP: 18/18 MP: 0/0
   107 | D:1      | Reached skill level 1 in Fighting
   107 | D:1      | Reached XP level 2. HP: 27/27 MP: 1/1
   579 | D:2      | Reached XP level 3. HP: 33/33 MP: 2/2
   745 | D:2      | Found a runed translucent door.
   746 | D:2      | Noticed Crazy Yiuf
   927 | D:2      | Noticed Robin
   933 | D:2      | Reached XP level 4. HP: 30/41 MP: 3/3
   948 | D:2      | Reached skill level 4 in Unarmed Combat
   952 | D:2      | HP: 1/41 [Robin/+0 trident (5)]
   953 | D:2      | Slain by a hobgoblin

Illustrated notes

Levels and vault maps discovered:
D:1:      giann_horns, layout_loops_ring, kennysheep_flooded_box
D:2:      layout_basic, minmay_3d_cube, uniq_robin, uniq_crazy_yiuf_cottage

Skill      XL: |  1  2  3  4 |
---------------+-------------+-----
Fighting       | 1 |  1.5
Unarmed Combat | 4 |  4.0
Dodging        | |  1.5
Shapeshifting  | |  3.8

Action                     |  1- 3 |  4- 6 || total
---------------------------+-------+-------++-------
  Melee: Unarmed           |    62 |    14 ||    76
         Punch             |     1 |       ||     1
    Use: Potion            |       |     1 ||     1
 Armour: Animal skin       |    39 |    19 ||    58
  Dodge: Dodged            |    30 |     7 ||    37
